 Dungeon Crawl Stone Soup version 0.20-a0-972-gb9bd3e6 (webtiles) character file.

18393 Angani the Basher (level 12, -3/106 HPs)
             Began as a Black Draconian Conjurer on Apr 9, 2017.
             Was a Priest of Ru.
             Killed from afar by an ice statue (10 damage)
             ... with a shard of ice
             ... in an ice cave.
             The game lasted 00:47:26 (20728 turns).

Angani the Basher (Black Draconian Conjurer)       Turns: 20728, Time: 00:47:27

Health: -3/106     AC: 13    Str: 21    XL:     12   Next: 27%
Magic:  30/30      EV: 16    Int: 19    God:    Ru [***...]
Gold:   518        SH:  0    Dex: 12    Spells: 8/23 levels left

rFire    + . .     SeeInvis +   r - +1 morningstar (vamp)
rCold    + . .     Gourm    .   (no shield)
rNeg     . . .     Faith    .   (armour unavailable)
rPois    +         Spirit   .   j - +2 hat {SInv}
rElec    +         Reflect  .   (no cloak)
rCorr    +         Harm     .   t - +2 pair of gloves
MR       +....                  (no boots)
Stlth    ..........             (no amulet)
Regen    0.3/turn               g - ring of magical power
MPRegen  0.3/turn               x - ring of protection from magic

@: mighty, resistant
A: breathe lightning, unfitting armour, claws 1, talons 1, electricity
resistance, strong 2, cold-blooded, no stealth, inability to use devices, AC +8
a: Breathe Lightning, Draw Out Power, Renounce Religion


You were in an ice cave.
You worshipped Ru.
Ru was most pleased with you.
You were not hungry.

You visited 3 branches of the dungeon, and saw 15 of its levels.
You also visited: Ice Cave.

You collected 958 gold pieces.
You spent 440 gold pieces at shops.

Inventory:

Hand Weapons
 r - a +1 vampiric morningstar (weapon)
Armour
 j - a +2 hat of see invisible (worn)
 t - a +2 pair of gloves (worn)
Jewellery
 g - a ring of magical power (left hand)
 o - an uncursed ring of fire
 v - an uncursed ring of wizardry
 x - a ring of protection from magic (right hand)
Scrolls
 i - 8 scrolls of remove curse
 l - 5 scrolls of amnesia
 m - 5 scrolls of teleportation
Potions
 d - 2 potions of might
 f - 5 potions of flight
 n - 2 potions of cancellation
 s - a potion of haste
 w - 2 potions of agility
 A - a potion of resistance
 B - 2 potions of curing
Books
 q - a book of Frost

   Spells                             Type                      Level
   a - Freeze                         Ice                          1
   b - Throw Frost                    Conjuration/Ice              2
   c - Ozocubu's Armour               Charms/Ice                   3
   d - Throw Icicle                   Conjuration/Ice              4
   e - Summon Ice Beast               Ice/Summoning                4
 y - a book of Ice

   Spells                             Type                      Level
   a - Ice Form                       Ice/Transmutation            4
   b - Metabolic Englaciation         Hexes/Ice                    5
   c - Ozocubu's Refrigeration        Ice                          6
   d - Bolt of Cold                   Conjuration/Ice              6
   e - Freezing Cloud                 Conjuration/Ice/Air          6
   f - Simulacrum                     Ice/Necromancy               6
 z - a book of Misfortune

   Spells                             Type                      Level
   a - Confusing Touch                Hexes                        1
   b - Confuse                        Hexes                        3
   c - Gell's Gravitas                Translocation                3
   d - Petrify                        Transmutation/Earth          4
   e - Metabolic Englaciation         Hexes/Ice                    5
   f - Yara's Violent Unravelling     Hexes/Transmutation          5
Comestibles
 b - 11 bread rations
 h - 9 meat rations
 k - a royal jelly


   Skills:
 - Level 10.3 Fighting
 - Level 11.2 Maces & Flails
 - Level 8.3 Dodging
 + Level 6.0 Spellcasting
 - Level 7.5 Conjurations
 - Level 6.1 Hexes


You had 8 spell levels left.
You knew the following spells:

 Your Spells              Type           Power        Failure   Level  Hunger
a - Magic Dart            Conj           ####         1%          1    None
b - Searing Ray           Conj           ####..       1%          2    None
c - Iskenderun's Mystic   Conj           ####....     6%          4    ####...
d - Force Lance           Conj/Tloc      ###.....     28%         4    ####...
e - Fulminant Prism       Conj/Hex       ####......   10%         4    ####...


Dungeon Overview and Level Annotations

Branches:
Dungeon (12/15)            Temple (1/1) D:7            Lair (2/6) D:8
    Orc (0/2) D:10
  Swamp: Lair:2-4    Shoals: Lair:2-4     Snake: Lair:2-4    Spider: Lair:2-4

Altars:
Ashenzari
Cheibriados
Dithmenos
Elyvilon
Fedhas
Hepliaklqana
Makhleb
Nemelex Xobeh
Qazlal
Ru
Sif Muna
Trog
Uskayaw
Vehumet
Wu Jian
Xom
Yredelemnul
Zin

Shops:
D:7 }

Portals:
Trove: D:11 (give +3 storm dragon scales)

Annotations:
Lair:2 Harold IceCv exclusion: ice statue


Innate Abilities, Weirdness & Mutations

You can breathe wild blasts of lightning.
Your glossy black scales are hard. (AC +8)
You cannot fit into any form of body armour.
You are resistant to electric shocks. (rElec)
You are cold-blooded and may be slowed by cold attacks.
You cannot be stealthy.
You cannot study or use magical devices.
You have sharp fingernails.
You have sharp toenails.
Your muscles are very strong. (Str +4)


Message History

You sock the ice statue! You claw the ice statue.
The ice statue is heavily damaged.
You are engulfed in freezing vapours.
You resist.
* * * LOW HITPOINT WARNING * * *
You focus your will and illuminate the ice statue in retribution!
The ice beast hits you but does no damage.
The ice statue gestures at you. The freezing blast engulfs you! You resist.
* * * LOW HITPOINT WARNING * * *
The ice beast closely misses you.
You hit the ice statue but do no damage.
You claw the ice statue, but do no damage.
You tail-slap the ice statue, but do no damage.
The ice statue is heavily damaged.
You are engulfed in freezing vapours.
You resist.
* * * LOW HITPOINT WARNING * * *
The ice beast misses you. The ice statue gestures at you.
The shard of ice hits you! You partially resist.
You die...

#...###.###
##..#####.##
##§§###...#
##§§§...##
#÷...#..#
##.####§#
#####§§#
##§##§.#
#=##Y@§§§##
#§§8YY.##
#§§#§§####
#. #§# ##


You could see an ice statue and 3 ice beasts.

Vanquished Creatures
  Erica (Lair:1)
  3 two-headed ogres
  An unseen horror (D:10)
  An ugly thing (D:11)
  An elephant (D:8)
  A black mamba (Lair:1)
  A gargoyle (D:11)
  4 spiny frogs
  A troll (D:11)
  Prince Ribbit (D:8)
  A merfolk (D:10)
  2 hippogriffs (Lair:1)
  Grinder (D:6)
  5 blink frogs
  Sigmund (D:5)
  A wyvern (D:10)
  14 yaks
  Grum (D:8)
  A hungry ghost (D:10)
  Menkaure (D:6)
  6 water moccasins
  4 porcupines
  2 orc warriors
  6 black bears
  2 phantoms
  3 ice beasts
  A sky beast (D:9)
  An eye of draining (D:8)
  A necrophage (D:9)
  6 ogres
  4 centaurs
  11 wolves
  4 big kobolds
  3 crocodiles
  10 bullfrogs
  A water moccasin zombie (D:10)
  2 scorpions
  10 killer bees (D:10)
  4 wights (D:9)
  A howler monkey (D:6)
  2 jellies (D:10)
  6 crimson imps
  A bullfrog skeleton (D:6)
  4 hounds
  6 orc priests
  10 orc wizards
  A gnoll shaman (D:7)
  A centaur skeleton (D:8)
  An iguana (D:11)
  12 worker ants
  3 hound zombies
  A howler monkey zombie (D:10)
  A worker ant zombie (D:5)
  13 gnolls
  9 adders
  3 shadow imps
  11 white imps (Lair:2)
  4 oozes
  An adder skeleton (D:7)
  An adder zombie (D:7)
  3 worms
  A dart slug (D:3)
  7 leopard geckos
  38 orcs
  5 giant cockroaches
  7 goblins
  8 hobgoblins
  2 jackals (D:3)
  5 quokkas
  2 ball pythons
  10 bats
  4 frilled lizards
  23 kobolds
  A quokka skeleton (D:6)
  4 rats
  A fungus (D:10)
337 creatures vanquished.

Vanquished Creatures (others)
  A two-headed ogre (D:9)
  3 polar bears (IceCv)
  2 yaks (IceCv)
  A wolf (IceCv)
  A killer bee (D:10)
  A fulminant prism (D:9)
  A fungus (D:8)
10 creatures vanquished.

Grand Total: 347 creatures vanquished

Notes
Turn   | Place    | Note
-------+----------+-------------------------------------------
     0 | D:1      | Angani the Draconian Conjurer began the quest for the Orb.
     0 | D:1      | Reached XP level 1. HP: 14/14 MP: 3/3
   664 | D:1      | Reached XP level 2. HP: 20/20 MP: 1/5
   829 | D:2      | Learned a level 2 spell: Searing Ray
  1164 | D:2      | Reached XP level 3. HP: 14/26 MP: 1/7
  1868 | D:2      | Found a hazy altar of Hepliaklqana.
  1972 | D:2      | Reached XP level 4. HP: 33/33 MP: 3/9
  2696 | D:3      | Noticed a big kobold
  2806 | D:3      | Killed a big kobold
  2806 | D:3      | Reached XP level 5. HP: 19/38 MP: 0/11
  3093 | D:3      | Reached skill level 5 in Conjurations
  3436 | D:3      | Noticed an ogre
  3469 | D:3      | Killed an ogre
  3469 | D:3      | Reached skill level 5 in Spellcasting
  3469 | D:3      | Reached XP level 6. HP: 29/45 MP: 3/13
  4304 | D:4      | Learned a level 4 spell: Iskenderun's Mystic Blast
  4309 | D:4      | Learned a level 4 spell: Force Lance
  4314 | D:4      | Learned a level 4 spell: Fulminant Prism
  4796 | D:4      | Your scales start taking on a glossy black colour.
  4796 | D:4      | Reached XP level 7. HP: 41/50 MP: 16/16
  4796 | D:4      | Gained mutation: You are resistant to electric shocks. (rElec) [Black Draconian growth]
  5715 | D:5      | Entered Level 5 of the Dungeon
  5804 | D:5      | Noticed Sigmund
  5820 | D:5      | Killed Sigmund
  5820 | D:5      | Reached skill level 5 in Fighting
  5820 | D:5      | Reached XP level 8. HP: 56/70 MP: 17/17
  5901 | D:5      | Found a white marble altar of Elyvilon.
  6169 | D:5      | Found a shimmering altar of Xom.
  6457 | D:6      | Found a burning altar of Makhleb.
  6499 | D:6      | Found a radiant altar of Vehumet.
  6499 | D:6      | Found a stormy altar of Qazlal.
  6499 | D:6      | Found a sacrificial altar of Ru.
  6547 | D:6      | Became a worshipper of Ru the Awakened
  6849 | D:6      | Noticed Menkaure
  6855 | D:6      | Killed Menkaure
  7245 | D:6      | Noticed Grinder
  7249 | D:6      | Paralysed by Grinder for 7 turns
  7256 | D:6      | Killed Grinder
  7371 | D:6      | Found an ornate altar of the Wu Jian Council.
  7544 | D:6      | Found a glowing golden altar of the Shining One.
  7546 | D:6      | Found a glowing silver altar of Zin.
  7546 | D:6      | Found an ancient bone altar of Kikubaaqudgha.
  7583 | D:6      | Found a shimmering altar of Xom.
  7583 | D:6      | Found a basalt altar of Yredelemnul.
  7583 | D:6      | Found a glowing silver altar of Zin.
  7831 | D:7      | Reached XP level 9. HP: 85/85 MP: 18/18
  7834 | D:7      | Reached skill level 10 in Fighting
  8012 | D:7      | Found Keamn's Gadget Emporium.
  8109 | D:7      | Bought a lamp of fire for 440 gold pieces
  8140 | D:7      | Found a staircase to the Ecumenical Temple.
  8149 | Temple   | Entered the Ecumenical Temple
  8302 | D:7      | Gained mutation: You cannot be stealthy. [Ru sacrifice]
  8675 | D:7      | Reached skill level 5 in Dodging
  9061 | D:8      | Noticed Grum
  9077 | D:8      | Killed Grum
  9602 | D:8      | Found a deep blue altar of Sif Muna.
  9606 | D:8      | Found a shattered altar of Ashenzari.
  9607 | D:8      | Found a snail-covered altar of Cheibriados.
  9684 | D:8      | Found a glowing silver altar of Zin.
  9749 | D:8      | Found a staircase to the Lair.
  9749 | D:8      | Noticed an elephant
  9759 | D:8      | Reached XP level 10. HP: 62/93 MP: 18/19
 10327 | D:8      | Killed an elephant
 10643 | D:8      | Reached skill level 1 in Hexes
 10766 | D:9      | Noticed a two-headed ogre
 10799 | D:9      | Killed a two-headed ogre
 11343 | D:8      | Reached skill level 5 in Hexes
 11991 | D:9      | Gained mutation: You cannot study or use magical devices. [Ru sacrifice]
 11991 | D:9      | Reached * piety under Ru
 11991 | D:9      | Reached ** piety under Ru
 11991 | D:9      | Reached *** piety under Ru
 12667 | D:10     | Entered Level 10 of the Dungeon
 12685 | D:10     | Noticed a two-headed ogre
 12708 | D:10     | Killed a two-headed ogre
 12708 | D:10     | Reached XP level 11. HP: 33/99 MP: 17/20
 12999 | D:10     | Reached skill level 1 in Maces & Flails
 13201 | D:10     | Reached skill level 2 in Maces & Flails
 13328 | D:10     | Found a staircase to the Orcish Mines.
 13532 | D:10     | Reached skill level 3 in Maces & Flails
 13639 | D:10     | Killed an unseen horror
 13639 | D:10     | Reached skill level 4 in Maces & Flails
 14445 | D:11     | Found a portal to a secret trove of treasure.
 14534 | D:11     | Reached skill level 5 in Maces & Flails
 14546 | D:12     | Noticed a green ugly thing
 14555 | D:12     | Noticed a two-headed ogre
 15332 | D:11     | Noticed a red ugly thing
 15349 | D:11     | Noticed a cyan ugly thing
 15353 | D:11     | Killed a red ugly thing
 15353 | D:11     | Reached skill level 6 in Maces & Flails
 16256 | D:11     | Gained mutation: Your muscles are strong. (Str +2) [potion of mutation]
 16256 | D:11     | Gained mutation: You have sharp toenails. [potion of mutation]
 16256 | D:11     | Gained mutation: Your muscles are very strong. (Str +4) [potion of mutation]
 16256 | D:11     | Gained mutation: You have sharp fingernails. [potion of mutation]
 16317 | D:9      | Noticed a two-headed ogre
 16330 | D:9      | Killed a two-headed ogre
 16330 | D:9      | Reached skill level 7 in Maces & Flails
 16421 | D:9      | Noticed a two-headed ogre
 16432 | D:9      | Killed a two-headed ogre
 16432 | D:9      | Reached skill level 8 in Maces & Flails
 16682 | Lair:1   | Entered Level 1 of the Lair of Beasts
 16682 | Lair:1   | Noticed Prince Ribbit
 16753 | D:8      | Killed Prince Ribbit
 17321 | D:8      | Reached skill level 9 in Maces & Flails
 17628 | Lair:1   | Noticed Erica
 17641 | Lair:1   | Killed Erica
 17870 | Lair:1   | Identified a scroll of acquirement
 17948 | Lair:1   | Reached XP level 12. HP: 37/106 MP: 21/21
 18102 | Lair:1   | Reached skill level 10 in Maces & Flails
 19584 | Lair:2   | Noticed Harold
 19940 | Lair:2   | Reached skill level 11 in Maces & Flails
 20057 | Lair:2   | Found a frozen archway.
 20072 | IceCv    | Entered an ice cave
 20728 | IceCv    | Killed from afar by an ice statue

Vault maps used:
D:1:      scummos_arrival_checkerplants
D:2:      marbit_many_paths, first_bread
D:3:      cheibrodos_thug_alley
D:4:      black_bear_nest_1, hangedman_decor_clover_reticule
D:5:      elyvilon_altar_1, old_standard_altar, uniq_sigmund
D:6:      kennysheep_mini_moat, grunt_temple_overflow_open, doesnt_xom_only_xom,
          uniq_grinder, uniq_menkaure
D:7:      minmay_temple_entry_butterflies, serial_shops, shop_coins,
          nrook_uturn, minmay_misc_feat_doors
D:8:      nicolae_overflow_quartered_altars, david_lair_generic, uniq_grum
D:10:     orc_0_dummy, serial_glass, glass_columns_c, glass_columns_a,
          hangedman_fish_farm, minmay_gold_behind_fungi,
          minmay_misc_feat_ornament
D:11:     nicolae_trove_entry_columns
Temple:   eino_temple_lava
Lair:1:   lemuel_fruit_fields, uniq_erica, uniq_prince_ribbit2
Lair:2:   portal_ice_cave_entry_imps, grunt_megastairs_2,
          minmay_lair_oklob_chamber, uniq_harold
IceCv:    ice_cave_caverns_02

Skill      XL: |  1  2  3  4  5  6  7  8  9 10 11 12 |
---------------+-------------------------------------+-----
Spellcasting   | 3 4 5 6 |  6.0
Conjurations   | 5 7 |  7.5
Fighting       | 5 9 10 | 10.3
Dodging        | 7 8 |  8.3
Stealth        | 0 |  0.0
Hexes          | 6 |  6.1
Maces & Flails | 9 11 | 11.2

Action                   |  1- 3 |  4- 6 |  7- 9 | 10-12 || total
-------------------------+-------+-------+-------+-------++-------
Melee: Unarmed           |    67 |    24 |    11 |       ||   102
       Tailslap          |     7 |     4 |    17 |    35 ||    63
       Morningstar       |       |       |    96 |   239 ||   335
       Kick              |       |       |       |    31 ||    31
 Cast: Magic Dart        |    45 |   107 |    47 |     5 ||   204
       Searing Ray       |     1 |    18 |    67 |   152 ||   238
       Fulminant Prism   |       |       |       |     1 ||     1
Invok: Sacrifice Stealth |       |       |     1 |       ||     1
       Sacrifice Artific |       |       |       |     1 ||     1
       Draw Out Power    |       |       |       |     1 ||     1
       Reject Sacrifices |       |       |       |     1 ||     1
 Abil: Breathe Lightning |       |       |    12 |    17 ||    29
  Use: Potion            |       |     1 |     2 |     7 ||    10
       Scroll            |       |     8 |     7 |    23 ||    38
 Stab: Sleeping          |     1 |       |       |       ||     1
       Distracted        |     1 |       |       |     1 ||     2
       Invisible         |       |       |       |     1 ||     1
  Eat: Chunk             |     4 |     9 |    17 |    29 ||    59
       Fruit             |       |       |     3 |     6 ||     9
       Royal jelly       |       |       |     1 |     3 ||     4
Armor: Skin              |    13 |    15 |    88 |   174 ||   290
Dodge: Dodged            |    51 |    30 |   182 |   550 ||   813
